 Dungeon Crawl Stone Soup version 0.28.0 (webtiles) character file.

Game seed: 13874054775973455620

269934 RepoMan the Eclecticist (level 19, -1/152 HPs)
             Began as a Mummy Fire Elementalist on Feb 8, 2022.
             Was a High Priest of Ashenzari.
             Killed from afar by an acid blob (10 damage)
             ... with a splash of acid
             ... on level 3 of the Pits of Slime.
             The game lasted 06:16:08 (57509 turns).

RepoMan the Eclecticist (Mummy Fire Elementalist)  Turns: 57509, Time: 06:16:09

Health: -1/152     AC:  7    Str: 11    XL:     19   Next: 41%
Magic:  3/45       EV: 16    Int: 30    God:    Ashenzari [*****.]
Gold:   2147       SH: 18    Dex: 17    Spells: 2/62 levels left

rFire   + . .      SeeInvis +   R - staff of fire
rCold   . . .      Faith    .   x - +1 kite shield of Ashenzari's Anarchy {+Blink Will++, Fort, Evo} (curse)
rNeg    + + +      Spirit   .   u - +0 robe of Toth-Mos's Legacy {Fly Str-2 Int+8 Dex+4, Elem, Comp} (curse)
rPois   ∞          Reflect  +   H - +3 crown of Dyrovepreva {rElec Int+2 SInv, Cun, Fort} (curse)
rElec   +          Harm     .   q - +0 cloak of the Oracular Planets {Elem, Cun} (curse)
rCorr   +          Rampage  .   n - +0 pair of gloves "Sun of the Cursed Augur" {Self, Bglg} (curse)
Will    ++++.      Clarity  +   K - +2 pair of boots of the Restrained Sage {Range, Self} (curse)
Stlth   +++.......              p - amulet "Thunder Perfect Mind" {Reflect SH+5, Self, Bglg} (curse)
HPRegen 0.35/turn               i - ring "Mistrust of Ashenzari" {Fire, Elem, Bglg} (curse)
MPRegen 0.29/turn               t - ring of resist corrosion

@: corroded, flying, studying 2 skills
A: cold resistance 1, negative energy resistance 3, torment resistance 2, heat
vulnerability 1, in touch with death 1, no potions
}: 2/15 runes: serpentine, barnacled
a: Renounce Religion, Evoke Blink, Shatter the Chains


You were on level 3 of the Pits of Slime.
You worshipped Ashenzari.
Ashenzari was extremely pleased with you.
You visited 8 branches of the dungeon, and saw 35 of its levels.
You also visited: Sewer, Bailey and Ice Cave.

You collected 4258 gold pieces.
You spent 2111 gold pieces at shops.

Inventory:

Hand Weapons
 v - a +1 scimitar of flaming
Missiles
 y - 9 curare-tipped darts
Armour
 d - a +2 robe of fire resistance
 n - the cursed +0 pair of gloves "Sun of the Cursed Augur" (worn) {Self, Bglg}
   (You found it on level 2 of the Dungeon)

   It has a curse which improves the following skills: Introspection: Fighting
   and Spellcasting.
   Beguiling: Conjurations, Hexes and Translocations.
 q - the cursed +0 cloak of the Oracular Planets (worn) {Elem, Cun}
   (You took it off Maurice on level 8 of the Dungeon)

   It has a curse which improves the following skills: Elements: Fire Magic, Ice
   Magic, Air Magic and Earth Magic.
   Cunning:   Dodging and Stealth.
 u - the cursed +0 robe of Toth-Mos's Legacy (worn) {Fly Str-2 Int+8 Dex+4, Elem, Comp}
   (You bought it in a shop on level 2 of the Orcish Mines)

   Str:       It affects your strength (-2).
   Int:       It affects your intelligence (+8).
   Dex:       It affects your dexterity (+4).
   Fly:       It grants you flight.
   It has a curse which improves the following skills: Elements: Fire Magic, Ice
   Magic, Air Magic and Earth Magic.
   Companions: Summonings and Necromancy.
 x - the cursed +1 kite shield of Ashenzari's Anarchy (worn) {+Blink Will++, Fort, Evo}
   (You took it off Asterion on level 3 of the Snake Pit)

   +Blink:    It lets you blink.
   Will:      It greatly increases your willpower.
   It has a curse which improves the following skills: Fortitude: Armour and
   Shields.
   Evocations: Evocations.
 A - a +1 leather armour of cold resistance
 G - a +1 crystal plate armour of cold resistance
 H - the cursed +3 crown of Dyrovepreva (worn) {rElec Int+2 SInv, Cun, Fort}
   (You found it in an ice cave)

   Int:       It affects your intelligence (+2).
   rElec:     It insulates you from electricity.
   SInv:      It lets you see invisible.
   It has a curse which improves the following skills: Cunning: Dodging and
   Stealth.
   Fortitude: Armour and Shields.
 J - a +1 pair of gloves of hurling
 K - the cursed +2 pair of boots of the Restrained Sage (worn) {Range, Self}
   (You found it on level 2 of the Snake Pit)

   It has a curse which improves the following skills: Ranged Combat: Slings,
   Bows, Crossbows and Throwing.
   Introspection: Fighting and Spellcasting.
Magical Staves
 P - a staff of air
 R - a staff of fire (weapon)
 S - a staff of fire
Jewellery
 i - the cursed ring "Mistrust of Ashenzari" (left hand) {Fire, Elem, Bglg}
   (You found it on level 4 of the Dungeon)

   [ring of fire]

   It enhances your fire magic.
   rF:        It protects you from fire.
   rC:        It makes you vulnerable to cold.
   It has a curse which improves the following skills: Elements: Fire Magic, Ice
   Magic, Air Magic and Earth Magic.
   Beguiling: Conjurations, Hexes and Translocations.
 j - a ring of willpower
 m - a ring of fire
 p - the cursed amulet "Thunder Perfect Mind" (around neck) {Reflect SH+5, Self, Bglg}
   (You found it on level 7 of the Dungeon)

   [amulet of reflection]

   It reflects blocked missile attacks.
   SH:        It affects your SH (+5).
   It has a curse which improves the following skills: Introspection: Fighting
   and Spellcasting.
   Beguiling: Conjurations, Hexes and Translocations.
 t - a ring of resist corrosion (right hand)
 F - a ring of wizardry
 M - an amulet of magic regeneration
 Q - a ring of flight
Wands
 a - a wand of iceblast (21)
 h - a wand of flame (23)
 o - a wand of polymorph (8)
 r - a wand of charming (4)
 B - a wand of acid (19)
 C - a wand of paralysis (8)
 D - a wand of mindburst (21)
Scrolls
 b - 8 scrolls of teleportation
 c - 4 scrolls of magic mapping
 e - 4 scrolls of fear
 f - 5 scrolls of amnesia
 g - 4 scrolls of brand weapon
 k - 3 scrolls of silence
 l - 2 scrolls of vulnerability
 s - 4 scrolls of enchant weapon
 E - 4 scrolls of enchant armour
 L - a scroll of summoning
 N - 4 scrolls of immolation
 O - 2 scrolls of fog
Miscellaneous
 z - a phantom mirror
 I - a phial of floods


   Skills:
 + Level 9.5(14.0) Fighting
 - Level 3.5(6.5) Armour
 - Level 6.4(9.9) Dodging
 - Level 1.5(3.8) Stealth
 + Level 8.2(11.7) Shields
 + Level 18.0(22.3) Spellcasting
 + Level 11.9(16.3) Conjurations
 * Level 17.4(21.7) Fire Magic
 + Level 13.0(17.5) Air Magic
 - Level 4.0(6.1) Evocations


You had 2 spell levels left.
You knew the following spells:

 Your Spells              Type           Power      Damage    Failure   Level
b - Blink                 Tloc           74%        N/A       2%          2
c - Conjure Flame         Conj/Fire      100%       6-21      0%          3
d - Orb of Destruction    Conj           46%        9d12      1%          7
e - Fireball              Conj/Fire      73%        3d27      1%          5
f - Foxfire               Conj/Fire      100%       2x1d9     0%          1
i - Inner Flame           Hex/Fire       100%       N/A       1%          3
l - Lightning Bolt        Conj/Air       47%        1d67      1%          5
m - Iskenderun's Mystic   Conj/Tloc      71%        2d14      1%          4
q - Magic Dart            Conj           100%       1d8       0%          1
r - Scorch                Fire           100%       2d10      0%          2
s - Sticky Flame          Conj/Fire      100%       2d11      0%          4
w - Flame Wave            Conj/Fire      100%       2d17      0%          4
C - Maxwell's Capacitive  Air            47%        ∞         10%         8
I - Ignition              Fire           76%        3d20      1%          8
S - Swiftness             Air            95%        N/A       0%          3

Your spell library contained the following spells:

 Spells                   Type           Power      Damage    Failure   Level
 Shock                    Conj/Air       100%       1d9       0%          1
 Searing Ray              Conj           100%       2d8       0%          2
 Static Discharge         Conj/Air       94%        N/A       0%          2
 Animate Skeleton         Necr           100%       N/A       1%          1
 Pain                     Necr           100%       1d9       1%          1
 Sandblast                Erth           74%        2d16      1%          1
 Slow                     Hex            100%       N/A       1%          1
 Summon Small Mammal      Summ           100%       N/A       1%          1
 Call Imp                 Summ           35%        N/A       2%          2
 Ensorcelled Hibernation  Hex/Ice        74%        N/A       2%          2
 Passwall                 Tmut/Erth      29%        N/A       2%          2
 Ignite Poison            Fire/Tmut/Pois 100%       N/A       1%          3
 Fulminant Prism          Conj/Hex       35%        3d18      1%          4
 Freezing Cloud           Conj/Ice/Air   40%        6-21      1%          5
 Iskenderun's Battlesphe  Conj           93%        2d14      1%          5
 Conjure Ball Lightning   Conj/Air       47%        3x3d16    1%          6
 Frozen Ramparts          Ice            74%        1d9       4%          3
 Lesser Beckoning         Tloc           37%        N/A       4%          3
 Ozocubu's Armour         Ice            37%        N/A       4%          3
 Tukima's Dance           Hex            37%        N/A       4%          3
 Vampiric Draining        Necr           52%        2d9       5%          3
 Iron Shot                Conj/Erth      35%        9d7       10%         6
 Passage of Golubria      Tloc           37%        N/A       16%         4
 Animate Armour           Summ/Erth      72%        N/A       17%         4
 Summon Ice Beast         Ice/Summ       36%        N/A       17%         4
 Olgreb's Toxic Radiance  Pois           33%        N/A       21%         4
 Lee's Rapid Deconstruct  Erth           18%        3d12*     41%         5
 Manifold Assault         Tloc           37%        N/A       41%         5
 Metabolic Englaciation   Hex/Ice        18%        N/A       41%         5
 Summon Forest            Summ/Tloc      18%        N/A       43%         5
 Summon Mana Viper        Hex/Summ       36%        N/A       43%         5
 Yara's Violent Unravell  Hex/Tmut       17%        3d8       45%         5
 Simulacrum               Ice/Necr       26%        N/A       95%         6
 Summon Cactus Giant      Summ           17%        N/A       95%         6
 Eringya's Noxious Bog    Tmut/Pois      16%        N/A       97%         6
 Lehudib's Crystal Spear  Conj/Erth      35%        10d9      99%         8
 Malign Gateway           Summ/Tloc      18%        N/A       100%        7
 Ozocubu's Refrigeration  Ice            18%        4d8       100%        7
 Summon Hydra             Summ           17%        N/A       100%        7
 Summon Horrible Things   Summ           17%        N/A       100%        8
 Dragon's Call            Summ           17%        N/A       100%        9
 Polar Vortex             Ice            18%        N/A       100%        9
 Ice Form                 Ice/Tmut       Unusable   N/A       N/A         4
 Blade Hands              Tmut           Unusable   N/A       N/A         5

Dungeon Overview and Level Annotations

Branches:
Dungeon (12/15)            Temple (1/1) D:4            Lair (6/6) D:9
 Shoals (4/4) Lair:2        Snake (4/4) Lair:2        Slime (3/5) Lair:6
    Orc (2/2) D:12            Elf (3/3) Orc:2         Sewer (visited)
 Bailey (visited)           IceCv (visited)

Altars:
Ashenzari
Cheibriados
Dithmenos
Elyvilon
Fedhas
Gozag
Hepliaklqana
Kikubaaqudgha
Makhleb
Nemelex Xobeh
Okawaru
Qazlal
Ru
Sif Muna
Trog
Uskayaw
Vehumet
Wu Jian
Xom
Yredelemnul
Zin
The Shining One
Beogh

Shops:
D:2 =   D:5 (   D:8 (   Orc:2 [?((   Elf:1 *   Snake:1 *?[   Snake:4 [

Portals:
Trove: Elf:2 (give +5 fire dragon scales)

Annotations:
D:3 2 transporters, Sapher's ghost, weakling DDEE
D:11 exclusions: cyclops and sensed monster (detected), Urug
Slime:2 exclusion: downstairs
Elf:2 3 runed translucent doors


Innate Abilities, Weirdness & Mutations

You are immune to poison.
Your flesh is cold resistant. (rC+)
You are immune to negative energy. (rN+++)
You are immune to unholy pain and torment.
You are vulnerable to heat. (rF-)
You are in touch with the powers of death.
You do not drink.


Message History

As you read the scroll of summoning, it crumbles to dust.
Wisps of shadow whirl around you...
You are splashed with acid!
* * * LOW HITPOINT WARNING * * *
The rockslime hits your acid blob!!!
Your acid blob holds its ground!
The rockslime is burned by acid!
Unknown command.
You are splashed with acid.
* * * LOW HITPOINT WARNING * * *
Your orb of destruction hits a slime covered rock wall.
The rockslime hits your acid blob.
Your acid blob holds its ground!
The acid corrodes the rockslime!
The rockslime is burned by acid!
Unknown command.
You feel stable enough to blink again. The acid blob spits acid at you.
The splash of acid hits your rockslime.
Press: ? - help, v - describe, . - travel
Here: a rockslime (lightly wounded, covered in acid)
The floor.
Unknown command.
Your rockslime hits the acid blob!!
The acid blob stumbles backwards!
The rockslime jiggles.
An acid blob comes into view.
Unknown command.
Unknown command.
Casting: Blink (safe; 2% risk of failure)
Confirm with . or Enter, or press ? or * to list all spells.
You erupt in a blast of force!
The mystic blast hits the rockslime!
The rockslime is lightly wounded.
The rockslime is knocked back by the mystic blast.
The acid blob quivers.
Your acid blob hits the rockslime!!
The rockslime is splashed with acid.
The rockslime seems to be corroded for longer.
The acid blob spits acid at you. The splash of acid hits you! You resist.
* * * LOW HITPOINT WARNING * * *
The acid corrodes you!
Your acid blob hits the rockslime.
The rockslime is splashed with acid.
The acid blob spits acid at you. The splash of acid hits you! You resist.
You die...

, ###* ..,,, ,**,,,,,
##.###........#*J. , , , #*
###....##.......##.. ,,, *
*#.##................... ,,
, *
*.......................,,*
* #.#....<............... ,
** ##.......#.......>.....
, ,,, #.#....J.#......<..#
, ,,,,,
#...##....##....@..#* *,
,,, , #...###...##.......#
* *,,,
*#...###.#........### * , *
**#.#.............### * ,
#.#.............J..###
......§........##J##.#
#......#......#.{#J...#
......##.#...........##
..........#...§..{...#


You could see 2 acid blobs, a rockslime (corroded, ally target) and a friendly
acid blob (summoned).

Vanquished Creatures
  Bai Suzhen (Snake:4)
  Jorgrun (Shoals:3)
  Asterion (Snake:3)
  A deep elf blademaster (Elf:3)
  4 acid blobs
  2 deep elf master archers (Elf:3)
  2 krakens (Shoals:4)
  Frances (Shoals:1)
  Kirke (Shoals:1)
  Gastronok (Lair:2)
  An azure jelly (Slime:2)
  16 nagarajas
  6 deep elf sorcerers (Elf:3)
  Aizul (Elf:1)
  A deep elf elementalist (Elf:3)
  4 quicksilver oozes
  An orc warlord (Orc:2)
  A reaper (IceCv)
  3 deep elf demonologists (Elf:3)
  8 deep elf annihilators
  A dire elephant (Lair:6)
  3 deep elf death magi (Elf:3)
  3 merfolk javelineers (Shoals:4)
  Josephine (D:12)
  5 deep elf high priests (Elf:3)
  18 naga warriors
  6 merfolk impalers
  A great orb of eyes (Slime:2)
  8 hydras
  A salamander tyrant (Snake:4)
  3 merfolk avatars
  2 centaur warriors (Shoals:2)
  An alligator snapping turtle (Shoals:3)
  Erica (D:8)
  9 anacondas
  21 dancing weapons
  10 death yaks
  A vampire mage (Elf:3)
  15 naga sharpshooters
  5 merfolk aquamancers (Shoals:4)
  11 shock serpents
  3 two-headed ogres
  6 orc high priests
  Sonja (Lair:4)
  6 deep elf knights
  2 sun demons (Shoals:2)
  A salamander mystic (Snake:4)
  2 sea snakes
  2 shadow demons (Elf:3)
  7 naga ritualists
  17 deep elf zephyrmancers
  A harpy (shapeshifter) (Elf:2)
  A lindwurm (Lair:3)
  7 deep elf archers
  6 harpies (Shoals:4)
  10 mana vipers
  24 deep elf pyromancers
  A wolf spider (Lair:6)
  4 orc knights (Orc:2)
  5 orc sorcerers
  8 fauns
  4 cyclopes
  3 elephants (Lair:6)
  15 manticores
  13 salamanders
  8 merfolk sirens
  Maurice (D:8)
  44 black mambas
  21 naga magi
  11 guardian serpents
  9 water nymphs
  A gargoyle (D:10)
  2 torpor snails
  18 cane toads
  2 unseen horrors
  3 kobold demonologists
  An entropy weaver simulacrum (IceCv)
  A rime drake (Lair:5)
  14 komodo dragons
  An ice devil (IceCv)
  A freezing wraith (IceCv)
  17 merfolk
  2 polar bears (Lair:6)
  2 trolls
  3 hornets (Lair:6)
  5 wind drakes
  30 slime creatures
  7 blink frogs
  5 snapping turtles
  14 dream sheep
  2 air elementals (Elf:1)
  6 water elementals
  4 hogs (Shoals:1)
  6 wraiths
  2 vampires
  3 fire bats (Lair:6)
  11 wyverns
  68 yaks
  5 fire elementals
  7 basilisks
  7 vampire mosquitoes
  A steam dragon (D:6)
  6 death yak simulacra
  3 redbacks (Lair:6)
  48 nagas
  Duvessa (D:7)
  6 wargs
  30 water moccasins
  54 orc warriors
  5 sky beasts
  An ice beast (D:5)
  A necrophage (D:4)
  3 black bears
  9 wolves
  7 centaurs
  11 ogres
  2 boggarts (Elf:3)
  5 kobold brigands
  6 bullfrogs
  A gnoll sergeant (D:11)
  6 scorpions
  4 earth elementals
  A cane toad simulacrum (IceCv)
  4 two-headed ogre simulacra (IceCv)
  2 water moccasin zombies
  A water moccasin skeleton (D:3)
  Dowan (D:7)
  2 elephant simulacra (IceCv)
  5 killer bees (D:10)
  4 electric eels
  A troll skeleton (D:11)
  5 spriggan skeletons (D:11)
  5 howler monkeys
  2 bullfrog zombies
  3 hounds
  2 jellies
  A gnoll shaman (D:5)
  30 orc priests
  A bullfrog skeleton (D:3)
  3 iguanas
  25 orc wizards
  A scorpion zombie (D:5)
  8 spriggan simulacra (IceCv)
  7 troll simulacra (IceCv)
  2 wolf simulacra
  A killer bee zombie (D:7)
  A hound zombie (D:5)
  2 hound skeletons (D:5)
  2 howler monkey zombies (D:8)
  14 gnolls
  5 adders
  A howler monkey skeleton (D:7)
  2 naga simulacra (IceCv)
  A shadow imp (D:5)
  9 white imps
  8 ufetubi
  4 worms
  A dart slug (D:3)
  109 orcs
  7 bats
  4 endoplasms
  4 giant cockroaches
  9 goblins
  15 hobgoblins
  3 jackals (Sewer)
  32 kobolds
  6 quokkas
  7 ball pythons
  2 frilled lizards
  5 rats
1256 creatures vanquished.

Vanquished Creatures (collateral kills)
  A deep elf sorcerer (Elf:3)
  A hydra (D:12)
  6 foxfires
8 creatures vanquished.

Vanquished Creatures (others)
  A deep elf death mage (Elf:3)
  3 humans (Shoals:1)
  A naga (Snake:2)
  An ufetubus (IceCv)
  A bush (Lair:5)
  A demonic plant (D:2)
  2620 foxfires
  51 fungi
  335 plants
  8 tentacles (Shoals:4)
3022 creatures vanquished.

Grand Total: 4286 creatures vanquished

Notes
Turn   | Place    | Note
-------+----------+-------------------------------------------
     0 | D:1      | RepoMan the Mummy Fire Elementalist began the quest for the
                  | Orb.
     0 | D:1      | Reached XP level 1. HP: 13/13 MP: 4/4
   140 | D:1      | Reached skill level 1 in Conjurations
   211 | D:1      | Reached XP level 2. HP: 19/19 MP: 0/5
   214 | D:1      | Learned a level 2 spell: Scorch
   301 | D:1      | Reached skill level 3 in Spellcasting
   798 | D:2      | Found a faded altar of an unknown god.
   813 | D:2      | Reached XP level 3. HP: 24/24 MP: 3/7
   817 | D:2      | Learned a level 3 spell: Conjure Flame
   875 | D:2      | Found Dikk's Jewellery Shoppe.
  2240 | D:3      | Reached XP level 4. HP: 30/30 MP: 4/9
  2324 | D:3      | Noticed Sapher's ghost (weakling DDEE)
  2334 | D:3      | Found a transporter.
  2763 | D:3      | Found a transporter.
  3154 | D:3      | Reached skill level 4 in Spellcasting
  3154 | D:3      | Reached XP level 5. HP: 35/35 MP: 2/11
  3231 | D:3      | Learned a level 3 spell: Inner Flame
  3580 | D:4      | Noticed a necrophage
  3591 | D:4      | Killed a necrophage
  3592 | D:4      | Reached XP level 6. HP: 41/41 MP: 2/12
  3596 | D:4      | Found a staircase to the Ecumenical Temple.
  3612 | Temple   | Entered the Ecumenical Temple
  4015 | D:4      | Found a glowing drain.
  4019 | Sewer    | Entered a sewer
  4112 | Sewer    | Noticed a water moccasin
  4120 | Sewer    | Killed a water moccasin
  4121 | Sewer    | Reached skill level 5 in Spellcasting
  4121 | Sewer    | Reached skill level 5 in Fire Magic
  4121 | Sewer    | Reached XP level 7. HP: 46/46 MP: 5/14
  4460 | D:4      | Found a broken altar of Ashenzari.
  4497 | D:4      | Became a worshipper of Ashenzari the Shackled
  4603 | D:5      | Entered Level 5 of the Dungeon
  5052 | D:5      | Reached skill level 6 in Spellcasting
  5184 | D:5      | Found Itumotih's Weapon Emporium.
  5261 | D:5      | Reached XP level 8. HP: 52/52 MP: 3/17
  6670 | D:6      | Reached skill level 7 in Spellcasting
  6968 | D:6      | Reached * piety under Ashenzari
  6974 | D:6      | Learned a level 4 spell: Flame Wave
  7062 | D:6      | Reached XP level 9. HP: 38/57 MP: 15/21
  7223 | D:6      | Reached skill level 5 in Conjurations
  7686 | D:7      | Found a flagged portal.
  7721 | Bailey   | Entered a bailey
  8754 | Bailey   | Noticed a kobold demonologist
  8765 | Bailey   | Killed a kobold demonologist
  8863 | Bailey   | Noticed an orc high priest
  8943 | D:7      | Reached ** piety under Ashenzari
  9186 | D:7      | Identified the +0 leather armour "Tudol" {rC+}
  9341 | D:7      | Reached skill level 1 in Fighting
  9505 | D:7      | Noticed Dowan
  9508 | D:7      | Noticed Duvessa
  9515 | D:7      | Killed Dowan
  9521 | D:7      | Killed Duvessa
  9522 | D:7      | Reached XP level 10. HP: 67/67 MP: 4/22
 10328 | D:8      | Reached skill level 8 in Spellcasting
 10477 | D:8      | Noticed Maurice
 10633 | D:2      | Bought a ring of resist corrosion for 280 gold pieces
 10850 | D:8      | Noticed Erica
 10863 | D:8      | Killed Erica
 11002 | D:8      | Found Pocil's Weapon Shop.
 11012 | D:8      | Reached *** piety under Ashenzari
 11048 | D:8      | Reached skill level 10 in Fire Magic
 11214 | D:8      | Killed Maurice
 11642 | D:9      | Reached skill level 9 in Spellcasting
 12035 | D:9      | Reached XP level 11. HP: 76/76 MP: 18/26
 12350 | D:9      | Found a staircase to the Lair.
 12644 | D:10     | Entered Level 10 of the Dungeon
 12661 | D:10     | Noticed a two-headed ogre
 12667 | D:10     | Killed a two-headed ogre
 13077 | D:10     | Found a radiant altar of Vehumet.
 13079 | D:10     | Found a bloodstained altar of Trog.
 13510 | D:10     | Learned a level 1 spell: Magic Dart
 13513 | D:10     | Learned a level 2 spell: Searing Ray
 14019 | D:11     | Noticed Urug
 14514 | D:11     | Reached skill level 10 in Spellcasting
 15235 | D:12     | Noticed Josephine
 15250 | D:12     | Killed Josephine
 15251 | D:12     | Reached skill level 5 in Dodging
 15252 | D:12     | Reached XP level 12. HP: 61/89 MP: 16/28
 15734 | D:12     | Noticed a six-headed hydra
 15759 | D:12     | Killed a six-headed hydra
 15791 | D:12     | Noticed a six-headed hydra
 15794 | D:12     | Noticed a two-headed ogre
 15799 | D:12     | Killed a six-headed hydra
 15914 | D:12     | Found a staircase to the Orcish Mines.
 16650 | D:12     | Reached skill level 5 in Fighting
 16679 | D:12     | Reached **** piety under Ashenzari
 16893 | Orc:1    | Entered Level 1 of the Orcish Mines
 17348 | Orc:1    | Found a bloodstained altar of Trog.
 17835 | Orc:2    | Entered Level 2 of the Orcish Mines
 18126 | Orc:2    | Noticed a two-headed ogre
 18134 | Orc:2    | Killed a two-headed ogre
 18269 | Orc:2    | Reached skill level 11 in Spellcasting
 18881 | Orc:2    | Noticed a two-headed ogre
 18887 | Orc:2    | Killed a two-headed ogre
 19078 | Orc:2    | Found a staircase to the Elven Halls.
 19618 | Orc:2    | Identified the Reference Book on Curses and the Entourage
 20127 | Orc:2    | Noticed an orc high priest
 20440 | Orc:2    | Noticed an orc warlord
 20772 | Orc:2    | Killed an orc warlord
 21007 | Orc:2    | Noticed an orc high priest
 21275 | Orc:2    | Killed an orc high priest
 21276 | Orc:2    | Gained mutation: You are in touch with the powers of death.
                  | [Mummy growth]
 21276 | Orc:2    | Reached XP level 13. HP: 100/101 MP: 19/31
 21553 | Orc:2    | Found Zoylizur's Antique Armour Boutique.
 21561 | Orc:2    | Bought an ancient robe for 182 gold pieces
 21561 | Orc:2    | Identified the +0 robe "Weynuras" {Fly Str-2 Int+8 Dex+4}
                  | (You bought it in a shop on level 2 of the Orcish Mines)
 21561 | Orc:2    | Bought a buckler for 144 gold pieces
 21569 | Orc:2    | Bought an encrusted ring mail for 288 gold pieces
 21569 | Orc:2    | Identified the +0 ring mail of Distant Worlds {-Tele Will+
                  | Str+2} (You bought it in a shop on level 2 of the Orcish
                  | Mines)
 21744 | Orc:2    | Found Daimoon's Magic Scroll Emporium.
 21751 | Orc:2    | Bought a scroll of teleportation for 48 gold pieces
 22193 | Orc:2    | Found Haqic's Antique Weapon Shop.
 22202 | Orc:2    | Found Usuweser's Antique Weapon Boutique.
 22329 | Orc:2    | Reached skill level 1 in Shields
 22851 | Lair:1   | Entered Level 1 of the Lair of Beasts
 23171 | Lair:1   | Reached skill level 12 in Spellcasting
 24032 | Lair:2   | Noticed Gastronok
 24188 | Lair:2   | Killed Gastronok
 24453 | Lair:2   | Found a staircase to the Shoals.
 24837 | Lair:2   | Found a staircase to the Snake Pit.
 26423 | Lair:3   | Reached XP level 14. HP: 106/111 MP: 1/33
 26570 | Lair:3   | Learned a level 5 spell: Lightning Bolt
 26615 | Lair:3   | Learned a level 8 spell: Ignition
 27396 | Lair:4   | Reached skill level 1 in Air Magic
 28024 | Lair:4   | Noticed Sonja
 28025 | Lair:4   | Killed Sonja
 28682 | Lair:5   | Reached skill level 10 in Conjurations
 28883 | Lair:5   | Reached ***** piety under Ashenzari
 29225 | Lair:6   | Entered Level 6 of the Lair of Beasts
 29337 | Lair:6   | Found a frozen archway.
 29376 | IceCv    | Entered an ice cave
 29798 | IceCv    | Found the +3 crown of Dyrovepreva {rElec Int+2 SInv}
 30125 | IceCv    | Noticed a reaper
 30143 | IceCv    | Killed a reaper
 30776 | Lair:6   | Found a staircase to the Slime Pits.
 31607 | Lair:6   | Reached skill level 15 in Fire Magic
 32174 | Lair:6   | Reached XP level 15. HP: 117/117 MP: 27/34
 32259 | Lair:6   | Reached skill level 13 in Spellcasting
 32991 | Snake:1  | Entered Level 1 of the Snake Pit
 34090 | Snake:1  | Reached skill level 5 in Air Magic
 34801 | Snake:1  | Found Bicuwem's Bounteous Boutique.
 34816 | Snake:1  | Bought a +0 pair of boots for 63 gold pieces
 34816 | Snake:1  | Bought a book of Blasting for 448 gold pieces
 34816 | Snake:1  | Bought a scroll of blinking for 105 gold pieces
 34821 | Snake:1  | Learned a level 4 spell: Iskenderun's Mystic Blast
 34821 | Snake:1  | Bought a book of Burglary for 280 gold pieces
 34825 | Snake:1  | Learned a level 3 spell: Swiftness
 34840 | Snake:1  | Found Ynolel's Armour Shop.
 34840 | Snake:1  | Found Plog's Magic Scroll Boutique.
 34854 | Snake:1  | Bought a scroll of summoning for 133 gold pieces
 34854 | Snake:1  | Bought a scroll of fear for 49 gold pieces
 34854 | Snake:1  | Bought a scroll of immolation for 49 gold pieces
 35611 | Snake:2  | Learned a level 5 spell: Fireball
 35619 | Snake:2  | Learned a level 7 spell: Orb of Destruction
 35715 | Snake:2  | Reached skill level 1 in Armour
 36190 | Snake:2  | Identified the +4 short sword of Eternal Vigilance {vorpal,
                  | rElec rC+ Stlth+}
 36193 | Snake:2  | Reached skill level 14 in Spellcasting
 36423 | Snake:2  | Noticed a nagaraja
 36426 | Snake:2  | Killed a nagaraja
 37099 | Snake:2  | Found a runed translucent gate.
 37101 | Snake:2  | Found a runed translucent gate.
 37102 | Snake:2  | Found a runed translucent gate.
 37318 | Snake:2  | Reached XP level 16. HP: 125/125 MP: 27/37
 38489 | Snake:3  | Reached skill level 15 in Spellcasting
 39099 | Snake:3  | Identified the +1 kite shield of Perfidy {+Blink Will++}
 39099 | Snake:3  | Noticed Asterion
 39104 | Snake:3  | Noticed an Executioner
 39105 | Snake:3  | Killed Asterion
 39383 | Snake:3  | Identified the +3 mace of Death's Door {antimagic, rF+ rN+
                  | Str+4}
 39462 | Snake:4  | Entered Level 4 of the Snake Pit
 39866 | Snake:4  | Reached skill level 1 in Evocations
 40707 | Snake:4  | Noticed Bai Suzhen
 40713 | Snake:4  | Killed Bai Suzhen
 40874 | Snake:4  | Found Cuungova's Antique Armour Shoppe.
 41369 | Snake:4  | Reached skill level 10 in Air Magic
 42603 | Snake:4  | Reached XP level 17. HP: 129/133 MP: 33/41
 42631 | Snake:4  | Learned a level 8 spell: Maxwell's Capacitive Coupling
 42789 | Snake:4  | Reached skill level 5 in Shields
 42942 | Snake:4  | Reached skill level 16 in Spellcasting
 43811 | Snake:4  | Got a serpentine rune of Zot
 44456 | Shoals:1 | Entered Level 1 of the Shoals
 44497 | Shoals:1 | Noticed Kirke
 44499 | Shoals:1 | Killed Kirke
 44578 | Shoals:1 | Noticed Frances
 44584 | Shoals:1 | Killed Frances
 46651 | Shoals:3 | Noticed Jorgrun
 46656 | Shoals:3 | Killed Jorgrun
 47467 | Shoals:4 | Entered Level 4 of the Shoals
 48198 | Shoals:4 | Learned a level 2 spell: Blink
 48753 | Shoals:4 | Reached XP level 18. HP: 84/140 MP: 29/43
 49164 | Shoals:4 | Reached skill level 17 in Spellcasting
 49550 | Shoals:4 | Got a barnacled rune of Zot
 50084 | Elf:1    | Entered Level 1 of the Elven Halls
 50439 | Elf:1    | Noticed Aizul
 50446 | Elf:1    | Killed Aizul
 50599 | Elf:1    | Identified the +1 robe "Touc" {Int+3}
 50679 | Elf:1    | Paralysed by an air elemental for 1 turns
 51198 | Elf:1    | Found Ufren's General Store.
 51321 | Elf:1    | Bought a scroll of immolation for 42 gold pieces
 51587 | Elf:1    | Identified the Volume of Arcane Weapons
 52465 | Elf:2    | Found a portal to a secret trove of treasure.
 52589 | Elf:2    | Learned a level 4 spell: Sticky Flame
 52866 | Elf:2    | Found a radiant altar of Vehumet.
 53350 | Elf:2    | Found a runed translucent gate.
 53350 | Elf:2    | Found a runed translucent gate.
 53350 | Elf:2    | Found a runed translucent gate.
 53463 | Elf:3    | Entered Level 3 of the Elven Halls
 53608 | Elf:3    | Found a shimmering blue altar of Sif Muna.
 55146 | Elf:3    | Identified the +1 leather armour "Kofatim" {Harm rC++
                  | Dex+2}
 55184 | Elf:3    | Reached XP level 19. HP: 99/150 MP: 11/45
 55345 | Elf:3    | Identified the +12 quarterstaff of Poverty {venom, Str+4}
 55357 | Elf:3    | Identified the +12 scimitar of the Morning {flame, rPois
                  | rN+ Str-5 SInv}
 55784 | Elf:3    | Identified the +2 dagger of Datzuol {drain, rN++ Int+3}
 55793 | Elf:3    | Identified the +6 mace of a Billion Invaders {vorpal, rElec
                  | Will- Dex+7}
 56019 | Elf:3    | Identified the ring "Omnixt" {Ice Fly rPois Int+5 Stlth-}
 56244 | Elf:3    | Identified the Papyrus of Vitriolic Calling
 56246 | Elf:3    | Identified the Papyrus of Ashen Summoning
 56717 | Slime:1  | Entered Level 1 of the Pits of Slime
 56982 | Slime:2  | Reached skill level 18 in Spellcasting
 57509 | Slime:3  | Killed from afar by an acid blob

Illustrated notes

Levels and vault maps discovered:
D:1:      onia_arrival_pyramid, layout_rooms
D:2:      layout_loops_corners, serial_shops, nicolae_shop_hallway_stairs,
          shapermc_ecumenical_altar_gd
D:3:      layout_basic, gammafunk_ghost_stat_death, minmay_hedge_maze
D:4:      layout_rooms, ashenzari_conservatory_becter, temple_fountains,
          gup_sewer_entry_spiral
D:5:      layout_loops_cross, serial_shops, shop, kennysheep_nondescript,
          grunt_ministairs_10, hangedman_abyss_or_decor_stagger
D:6:      layout_gridville, serial_rivers, chequers_serial_rivers_small_3,
          chequers_serial_rivers_small_a, chequers_serial_rivers_large_a,
          chequers_serial_rivers_small_b
D:7:      layout_layer_cave, enter_bailey_1, uniq_duvessa
D:8:      layout_rooms, serial_shops, nicolae_shop_bloodbath_and_beyond,
          nicolae_fountain_basement, uniq_maurice, uniq_erica
D:9:      layout_rooms, erik_lair_orcish_takeover, minivault_10,
          minmay_microvault
D:10:     layout_cave_pools, mainiacjoe_overflow_small_starburst,
          jmf_multi_god_temple
D:11:     layout_loops_ring, hangedman_tell_no_tales, uniq_urug
D:12:     layout_long_grid, orc_0_dummy, hangedman_decor_opposing,
          elyvilon_altar_1, uniq_josephine
Temple:   hc_temple_tempest_star
Lair:1:   layout_layer_cave, infiniplex_staircase_pool, grunt_megastairs_5,
          lemuel_fruit_tree
Lair:2:   nzn_winding_woodlands_stair_cross [nzn_winding_woodlands_5x15_garden,
          nzn_winding_woodlands_center_garden,
          nzn_winding_woodlands_5x15_longhouse, nzn_winding_woodlands_5x5_cross,
          nzn_winding_woodlands_5x5_open_star, nzn_winding_woodlands_5x15_eye,
          nzn_winding_woodlands_center_pierced_h,
          nzn_winding_woodlands_5x15_default], layout_cave_shapes,
          minmay_shoals_entry_centaurs, dummy_snake_entry, uniq_gastronok
Lair:3:   layout_layer_cave, beast_lair_carwin_8, lemuel_fruit_fields,
          infiniplex_staircase_pool_2
Lair:4:   layout_regular_city, uniq_sonja
Lair:5:   layout_cellular_growth, serial_forest, infiniplex_forest_clump_long,
          infiniplex_forest_zigzag_1, infiniplex_forest_end_double,
          infiniplex_forest_lined_room_2, infiniplex_forest_clump_small,
          infiniplex_forest_corner_1, infiniplex_forest_clump_small,
          infiniplex_forest_straight_5, serial_bayou_pond_a
Lair:6:   hangedman_lair_tendril_chambers, layout_small_grid,
          dpeg_slime_entry_corner, serial_bayou, serial_bayou_shore_a,
          serial_bayou_lake_a, serial_bayou_ford_a, serial_bayou_pond_b,
          serial_bayou_pond_c, portal_ice_cave_entry_ice_simulacra,
          nicolae_volcano_entry_batcave
Shoals:1: layout_shoals, uniq_kirke, uniq_frances
Shoals:2: layout_shoals, nicolae_shoals_cliffside_cave,
          nicolae_shoals_sun_and_surf
Shoals:3: layout_shoals, nicolae_shoals_lost_giant_baths, uniq_jorgrun
Shoals:4: shoals_end_hangedman, layout_shoals
Snake:1:  layout_onion, nicolae_alphabet_shops, minmay_shoptagon
Snake:2:  layout_misc_corridors, grunt_ministairs_11,
          nicolae_snake_slithery_corners, serial_bayou_pond_c,
          nicolae_snake_horde_hoard, grunt_megastairs_4
Snake:3:  layout_onion, uniq_asterion
Snake:4:  grunt_snake_rune_spirals, layout_onion, serial_shops,
          nicolae_shop_hallway_plus, uniq_bai_suzhen
Slime:1:  layout_caves, basic_altar
Slime:2:  layout_caves
Slime:3:  layout_caves
Orc:1:    layout_caves, trog_butcher_becter
Orc:2:    pubby_orc_utopia, serial_shops
Elf:1:    layout_loops_corners, serial_shops, nicolae_square_shop,
          minmay_elf_annihilation, solitary_fountain, uniq_aizul
Elf:2:    elven_hall_of_blades_hangedman_original [mumra_blade_entry_dagger],
          layout_gridlike, nicolae_trove_entry_columns, basic_altar,
          dk_noncrumbling_4, drop_trap, hangedman_elf_simple_split, uniq_agnes
Elf:3:    minmay_elf_hall_dome, layout_loops_corners, hangedman_summoners_spam

Skill      XL: |  1  2  3  4  5  6  7  8  9 10 11 12 13 14 15 16 17 18 19 |
---------------+----------------------------------------------------------+-----
Conjurations   | 1 2 3 4 6 7 8 9 10 11 | 11.9
Spellcasting   | 3 4 5 6 7 9 10 11 12 14 15 16 17 18 | 18.0
Fire Magic     | 3 4 5 6 7 9 10 11 12 13 15 16 17 | 17.4
Fighting       | 1 2 4 6 7 8 9 |  9.5
Dodging        | 3 5 6 |  6.4
Shields        | 3 4 6 7 8 |  8.2
Air Magic      | 4 7 10 12 13 | 13.0
Armour         | 3 |  3.5
Evocations     | 2 4 |  4.0
Stealth        | |  1.5

Action                   |  1- 3 |  4- 6 |  7- 9 | 10-12 | 13-15 | 16-18 | 19-21 || total
-------------------------+-------+-------+-------+-------+-------+-------+-------++-------
Melee: Unarmed           |       |     5 |       |       |       |       |       ||     5
       Short sword       |       |       |     1 |     1 |       |       |       ||     2
       Staff             |       |       |       |    10 |    18 |     9 |       ||    37
 Cast: Foxfire           |    72 |    50 |   230 |   583 |   534 |    37 |       ||  1506
       Scorch            |     4 |    28 |    55 |   162 |   249 |    40 |     7 ||   545
       Conjure Flame     |       |       |    11 |    26 |    10 |       |       ||    47
       Flame Wave        |       |       |     5 |    28 |    39 |       |       ||    72
       Inner Flame       |       |       |       |    27 |    11 |       |       ||    38
       Searing Ray       |       |       |       |    12 |     7 |       |       ||    19
       Lightning Bolt    |       |       |       |       |    39 |     2 |       ||    41
       Ignition          |       |       |       |       |    27 |    24 |     9 ||    60
       Fireball          |       |       |       |       |    23 |   182 |    31 ||   236
       Iskenderun's Myst |       |       |       |       |     7 |    40 |     8 ||    55
       Orb of Destructio |       |       |       |       |     5 |   158 |     5 ||   168
       Maxwell's Capacit |       |       |       |       |       |    39 |     3 ||    42
       Sticky Flame      |       |       |       |       |       |     2 |       ||     2
       Magic Dart        |       |       |       |       |       |     1 |       ||     1
       Blink             |       |       |       |       |       |       |     2 ||     2
Invok: Curse Item        |       |       |     3 |     3 |     4 |     2 |       ||    12
       Shatter the Chain |       |       |       |       |     2 |     1 |     1 ||     4
Evoke: Wand              |       |       |       |    29 |     9 |     9 |       ||    47
       Phantom mirror    |       |       |       |     1 |     2 |       |     1 ||     4
       Phial of floods   |       |       |       |       |     1 |       |       ||     1
  Use: Scroll            |       |       |     1 |     5 |     5 |    11 |     4 ||    26
Armor: Robe              |     3 |     5 |    10 |    20 |    51 |    23 |     2 ||   114
Dodge: Dodged            |    17 |    24 |    38 |   129 |   216 |    73 |     9 ||   506
Block: Other             |       |       |       |    43 |     3 |       |       ||    46
       Reflection        |       |       |       |     2 |    16 |    61 |    11 ||    90
       Buckler           |       |       |       |       |   210 |     7 |       ||   217
       Kite shield       |       |       |       |       |       |   103 |    19 ||   122
